 Dungeon Crawl Stone Soup version 0.28-a0-519-gbfeecf2fc5 (webtiles) character file.

Game seed: 11725357961071572251

158 Rennog the Skirmisher (level 5, 0/47 HPs)
             Began as a Minotaur Fighter on Sept 23, 2021.
             Was an Initiate of Trog.
             Killed from afar by an orc wizard (7 damage)
             ... with a puff of flame
             ... on level 3 of the Dungeon.
             The game lasted 00:02:03 (1673 turns).

Rennog the Skirmisher (Minotaur Fighter)            Turns: 1673, Time: 00:02:03

Health: 0/47       AC:  7    Str: 20    XL:     5   Next: 16%
Magic:  4/4        EV: 10    Int:  5    God:    Trog [......]
Gold:   89         SH:  4    Dex: 11    Spells: 4/4 levels left

rFire   . . .      SeeInvis .   a - +0 flail
rCold   . . .      Faith    .   c - +0 buckler
rNeg    . . .      Spirit   .   b - +0 scale mail
rPois   .          Reflect  .   (helmet restricted)
rElec   .          Harm     .   (no cloak)
rCorr   .          Rampage  .   (no gloves)
Will    .....                   (no boots)
Stlth   ..........              (no amulet)
HPRegen 0.15/turn               (no ring)
MPRegen 0.09/turn               (no ring)

@: no status effects
A: horns 2, retaliatory headbutt
a: Renounce Religion


You were on level 3 of the Dungeon.
You worshipped Trog.
Trog was noncommittal.
You visited 1 branch of the dungeon, and saw 3 of its levels.

You collected 89 gold pieces.

Inventory:

Hand Weapons
 a - a +0 flail (weapon)
Armour
 b - a +0 scale mail (worn)
 c - a +0 buckler (worn)
Jewellery
 j - a ring of magical power
Scrolls
 e - 2 scrolls of teleportation {unknown}
 g - a scroll of amnesia {unknown}
 h - a scroll of blinking {unknown}
 i - a scroll of brand weapon {unknown}
 l - 2 scrolls of vulnerability {unknown}
 q - a scroll of identify {unknown}
Potions
 d - a potion of might
 f - a potion of flight {unknown}
 k - a potion of berserk rage {unknown}
 m - 2 potions of magic {unknown}
 n - a potion of attraction {unknown}
 o - a potion of curing
 p - a potion of cancellation {unknown}


   Skills:
 + Level 4.5 Fighting
 * Level 4.5 Maces & Flails
 + Level 4.5 Armour
 + Level 2.0 Dodging
 - Level 3.6 Shields


You had 4 spell levels left.
You didn't know any spells.
Your spell library contained the following spells:

 Spells                   Type           Power      Damage    Failure   Level
 Freezing Cloud           Conj/Ice/Air   0%         6-21      100%        5
 Simulacrum               Ice/Necr       0%         N/A       100%        6
 Polar Vortex             Ice            0%         N/A       100%        9


Dungeon Overview and Level Annotations

Branches:
Dungeon (3/15)

Altars:
Dithmenos
Trog


Innate Abilities, Weirdness & Mutations

You have a pair of horns on your head.
You reflexively headbutt those who attack you in melee.


Message History

You barely miss something.
You feel less confused. The orc closely misses you. The orc barely misses you.
Something hits you but does no damage.
You miss something.
The orc hits you from afar with a +0 trident.
The orc hits you with a +0 falchion! Something hits you.
The orc closely misses you. The orc hits you with a +0 falchion.
* * * LOW HITPOINT WARNING * * *
You hit something.
You hear some strange, mumbled words.
You are confused.
The orc hits you from afar with a +0 trident.
* * * LOW HITPOINT WARNING * * *
The orc barely misses you. Something hits you.
* * * LOW HITPOINT WARNING * * *
The orc misses you. The orc barely misses you. The orc closely misses you.
You bump into the rock wall.
Something hits you but does no damage. The orc hits you but does no damage.
The orc hits you from afar with a +0 trident.
* * * LOW HITPOINT WARNING * * *
You bump into the rock wall.
Something hits you but does no damage. The orc hits you but does no damage.
You bump into the rock wall.
You feel less confused. You block something's attack.
You block the orc's attack.
You hear some strange, mumbled words.
You are confused.
You feel better.
A magic dart appears from out of thin air!
The magic dart hits you.
* * * LOW HITPOINT WARNING * * *
You hear some strange, mumbled words.
Something tries to affect you, but you resist.
A puff of flame appears from out of thin air!
The puff of flame hits you!
You die...

#### ######..# ....§.#.#
≈≈≈≈§.#.# ≈≈§..≈#.#
...≈.≈#.# ._.≈.≈#.#
.§§§.≈#.################
§≈≈..≈#...oo{...@.......
≈≈≈§≈.#...)#############
......#....#
######.....# #......#
##....... ###...###
###.# .#


You could see 2 orcs.

Vanquished Creatures
  A hound (D:3)
  Terence (D:3)
  An orc wizard (D:3)
  An adder (D:2)
  2 worms (D:3)
  2 dart slugs
  4 ball pythons
  6 bats
  3 endoplasms
  4 giant cockroaches
  3 goblins
  4 hobgoblins
  10 jackals
  5 kobolds
  2 frilled lizards
  5 rats
54 creatures vanquished.

Notes
Turn   | Place    | Note
-------+----------+-------------------------------------------
     0 | D:1      | Rennog the Minotaur Fighter began the quest for the Orb.
     0 | D:1      | Reached XP level 1. HP: 19/19 MP: 0/0
   181 | D:1      | Reached XP level 2. HP: 27/27 MP: 1/1
   252 | D:1      | Reached skill level 1 in Dodging
   290 | D:1      | Found a shadowy altar of Dithmenos.
   303 | D:1      | Found a faded altar of an unknown god.
   529 | D:1      | Reached XP level 3. HP: 33/33 MP: 2/2
   576 | D:2      | Found a bloodstained altar of Trog.
   710 | D:2      | Became a worshipper of Trog the Wrathful
  1261 | D:3      | Noticed Terence
  1268 | D:3      | Killed Terence
  1269 | D:3      | Reached XP level 4. HP: 40/40 MP: 3/3
  1611 | D:3      | Found a bloodstained altar of Trog.
  1651 | D:3      | Reached XP level 5. HP: 41/47 MP: 4/4
  1665 | D:3      | HP: 2/47 [orc (3)]
  1673 | D:3      | Killed from afar by an orc wizard

Illustrated notes

Levels and vault maps discovered:
D:1:      dpeg_arrival_tiny_a, layout_rooms,
          hellmonk_ecumenical_altar_dog_temple, kennysheep_flooded_box,
          minmay_split_cup_small
D:2:      layout_loops_cross, basic_altar
D:3:      minmay_angry_zag, layout_rooms, mainiacjoe_overflow_paths,
          kennysheep_slug_shrine, uniq_terence

Skill      XL: |  1  2  3  4 |
---------------+-------------+-----
Maces & Flails | 3 4 |  4.5
Dodging        | 1 2 |  2.0
Fighting       | 4 |  4.5
Armour         | 4 |  4.5
Shields        | |  3.6

Action                   |  1- 3 |  4- 6 || total
-------------------------+-------+-------++-------
Melee: Flail             |    88 |    37 ||   125
       Headbutt          |    12 |     3 ||    15
  Use: Potion            |       |     1 ||     1
Armor: Scale mail        |    50 |    21 ||    71
Dodge: Dodged            |    46 |    26 ||    72
Block: Buckler           |    26 |     4 ||    30

Table legend: (Time is in decaauts)
 A = Elapsed time spent in this place.
 B = Non-inter-level travel time spent in this place.
 C = Inter-level travel time spent in this place.
 D = Time resting spent in this place.
 E = Time spent auto-exploring this place.
 F = Levels seen in this place.
 G = Mean time per level.
                   A        B        C        D        E       F      G
               +--------+--------+--------+--------+--------+-----+--------+
         Total |   1701 |   1647 |     54 |      0 |   1325 |   3 |  567.0 |
       Dungeon |   1701 |   1647 |     54 |      0 |   1325 |   3 |  567.0 |
               +--------+--------+--------+--------+--------+-----+--------+

Top non-repeatable levels by time:
     D:2: 696 daAuts
     D:1: 584 daAuts
     D:3: 420 daAuts
